%YAML 1.1
%TAG !u! tag:unity3d.com,2011:
--- !u!114 &7759477581271105744
MonoBehaviour:
  m_ObjectHideFlags: 0
  m_CorrespondingSourceObject: {fileID: 0}
  m_PrefabInstance: {fileID: 0}
  m_PrefabAsset: {fileID: 0}
  m_GameObject: {fileID: 6586195098979497721}
  m_Enabled: 1
  m_EditorHideFlags: 0
  m_Script: {fileID: 11500000, guid: 38d32a2f82ec1de47aedfc84b1a0367c, type: 3}
  m_Name: 
  m_EditorClassIdentifier: 
--- !u!1 &6623489684560200225
GameObject:
  m_ObjectHideFlags: 0
  m_CorrespondingSourceObject: {fileID: 0}
  m_PrefabInstance: {fileID: 0}
  m_PrefabAsset: {fileID: 0}
  serializedVersion: 6
  m_Component:
  - component: {fileID: 981626542294603319}
  - component: {fileID: 3034549765900243015}
  m_Layer: 0
  m_Name: Poravnavanje
  m_TagString: Untagged
  m_Icon: {fileID: 0}
  m_NavMeshLayer: 0
  m_StaticEditorFlags: 0
  m_IsActive: 1
--- !u!4 &981626542294603319
Transform:
  m_ObjectHideFlags: 0
  m_CorrespondingSourceObject: {fileID: 0}
  m_PrefabInstance: {fileID: 0}
  m_PrefabAsset: {fileID: 0}
  m_GameObject: {fileID: 6623489684560200225}
  m_LocalRotation: {x: -0, y: -0, z: -0, w: 1}
  m_LocalPosition: {x: 0, y: 0, z: 0}
  m_LocalScale: {x: 1, y: 1, z: 1}
  m_Children:
  - {fileID: 1423574841740759728}
  - {fileID: 3339345835240905411}
  - {fileID: 6586195098979497720}
  - {fileID: 7446057138736632031}
  - {fileID: 9092061162334221912}
  m_Father: {fileID: 7154282482223935797}
  m_RootOrder: 0
  m_LocalEulerAnglesHint: {x: 0, y: 0, z: 0}
--- !u!156049354 &3034549765900243015
Grid:
  m_ObjectHideFlags: 0
  m_CorrespondingSourceObject: {fileID: 0}
  m_PrefabInstance: {fileID: 0}
  m_PrefabAsset: {fileID: 0}
  m_GameObject: {fileID: 6623489684560200225}
  m_Enabled: 1
  m_CellSize: {x: 0.01, y: 0.01, z: 0.01}
  m_CellGap: {x: 0, y: 0, z: 0}
  m_CellLayout: 0
  m_CellSwizzle: 0
--- !u!1 &7154282482223935796
GameObject:
  m_ObjectHideFlags: 0
  m_CorrespondingSourceObject: {fileID: 0}
  m_PrefabInstance: {fileID: 0}
  m_PrefabAsset: {fileID: 0}
  serializedVersion: 6
  m_Component:
  - component: {fileID: 7154282482223935797}
  m_Layer: 0
  m_Name: RCluster5
  m_TagString: Untagged
  m_Icon: {fileID: 0}
  m_NavMeshLayer: 0
  m_StaticEditorFlags: 0
  m_IsActive: 1
--- !u!4 &7154282482223935797
Transform:
  m_ObjectHideFlags: 0
  m_CorrespondingSourceObject: {fileID: 0}
  m_PrefabInstance: {fileID: 0}
  m_PrefabAsset: {fileID: 0}
  m_GameObject: {fileID: 7154282482223935796}
  m_LocalRotation: {x: 0, y: 0, z: 0, w: 1}
  m_LocalPosition: {x: 0, y: 0, z: 0}
  m_LocalScale: {x: 1, y: 1, z: 1}
  m_Children:
  - {fileID: 981626542294603319}
  m_Father: {fileID: 0}
  m_RootOrder: 0
  m_LocalEulerAnglesHint: {x: 0, y: 0, z: 0}
--- !u!1001 &689797622042037014
PrefabInstance:
  m_ObjectHideFlags: 0
  serializedVersion: 2
  m_Modification:
    m_TransformParent: {fileID: 6586195098979497720}
    m_Modifications:
    - target: {fileID: 3345791331310210541, guid: ade07b99e5bffac48ad00d520f67c0fd,
        type: 3}
      propertyPath: m_Name
      value: KeySpawn
      objectReference: {fileID: 0}
    - target: {fileID: 5057191478908044712, guid: ade07b99e5bffac48ad00d520f67c0fd,
        type: 3}
      propertyPath: m_LocalPosition.x
      value: 0.71
      objectReference: {fileID: 0}
    - target: {fileID: 5057191478908044712, guid: ade07b99e5bffac48ad00d520f67c0fd,
        type: 3}
      propertyPath: m_LocalPosition.y
      value: -0.75
      objectReference: {fileID: 0}
    - target: {fileID: 5057191478908044712, guid: ade07b99e5bffac48ad00d520f67c0fd,
        type: 3}
      propertyPath: m_LocalPosition.z
      value: 0
      objectReference: {fileID: 0}
    - target: {fileID: 5057191478908044712, guid: ade07b99e5bffac48ad00d520f67c0fd,
        type: 3}
      propertyPath: m_LocalRotation.x
      value: 0
      objectReference: {fileID: 0}
    - target: {fileID: 5057191478908044712, guid: ade07b99e5bffac48ad00d520f67c0fd,
        type: 3}
      propertyPath: m_LocalRotation.y
      value: 0
      objectReference: {fileID: 0}
    - target: {fileID: 5057191478908044712, guid: ade07b99e5bffac48ad00d520f67c0fd,
        type: 3}
      propertyPath: m_LocalRotation.z
      value: 0
      objectReference: {fileID: 0}
    - target: {fileID: 5057191478908044712, guid: ade07b99e5bffac48ad00d520f67c0fd,
        type: 3}
      propertyPath: m_LocalRotation.w
      value: 1
      objectReference: {fileID: 0}
    - target: {fileID: 5057191478908044712, guid: ade07b99e5bffac48ad00d520f67c0fd,
        type: 3}
      propertyPath: m_RootOrder
      value: 1
      objectReference: {fileID: 0}
    - target: {fileID: 5057191478908044712, guid: ade07b99e5bffac48ad00d520f67c0fd,
        type: 3}
      propertyPath: m_LocalEulerAnglesHint.x
      value: 0
      objectReference: {fileID: 0}
    - target: {fileID: 5057191478908044712, guid: ade07b99e5bffac48ad00d520f67c0fd,
        type: 3}
      propertyPath: m_LocalEulerAnglesHint.y
      value: 0
      objectReference: {fileID: 0}
    - target: {fileID: 5057191478908044712, guid: ade07b99e5bffac48ad00d520f67c0fd,
        type: 3}
      propertyPath: m_LocalEulerAnglesHint.z
      value: 0
      objectReference: {fileID: 0}
    m_RemovedComponents: []
  m_SourcePrefab: {fileID: 100100000, guid: ade07b99e5bffac48ad00d520f67c0fd, type: 3}
--- !u!1001 &731789439201565242
PrefabInstance:
  m_ObjectHideFlags: 0
  serializedVersion: 2
  m_Modification:
    m_TransformParent: {fileID: 981626542294603319}
    m_Modifications:
    - target: {fileID: 2625717081278709991, guid: 8abdde931c053eb4090664baa3fdfc7c,
        type: 3}
      propertyPath: m_Name
      value: WeakWallSpawnPoint (1)
      objectReference: {fileID: 0}
    - target: {fileID: 2625717081278710009, guid: 8abdde931c053eb4090664baa3fdfc7c,
        type: 3}
      propertyPath: m_LocalPosition.x
      value: 6
      objectReference: {fileID: 0}
    - target: {fileID: 2625717081278710009, guid: 8abdde931c053eb4090664baa3fdfc7c,
        type: 3}
      propertyPath: m_LocalPosition.y
      value: -0.885
      objectReference: {fileID: 0}
    - target: {fileID: 2625717081278710009, guid: 8abdde931c053eb4090664baa3fdfc7c,
        type: 3}
      propertyPath: m_LocalPosition.z
      value: 0
      objectReference: {fileID: 0}
    - target: {fileID: 2625717081278710009, guid: 8abdde931c053eb4090664baa3fdfc7c,
        type: 3}
      propertyPath: m_LocalRotation.x
      value: 0
      objectReference: {fileID: 0}
    - target: {fileID: 2625717081278710009, guid: 8abdde931c053eb4090664baa3fdfc7c,
        type: 3}
      propertyPath: m_LocalRotation.y
      value: 0
      objectReference: {fileID: 0}
    - target: {fileID: 2625717081278710009, guid: 8abdde931c053eb4090664baa3fdfc7c,
        type: 3}
      propertyPath: m_LocalRotation.z
      value: 0
      objectReference: {fileID: 0}
    - target: {fileID: 2625717081278710009, guid: 8abdde931c053eb4090664baa3fdfc7c,
        type: 3}
      propertyPath: m_LocalRotation.w
      value: 1
      objectReference: {fileID: 0}
    - target: {fileID: 2625717081278710009, guid: 8abdde931c053eb4090664baa3fdfc7c,
        type: 3}
      propertyPath: m_RootOrder
      value: 1
      objectReference: {fileID: 0}
    - target: {fileID: 2625717081278710009, guid: 8abdde931c053eb4090664baa3fdfc7c,
        type: 3}
      propertyPath: m_LocalEulerAnglesHint.x
      value: 0
      objectReference: {fileID: 0}
    - target: {fileID: 2625717081278710009, guid: 8abdde931c053eb4090664baa3fdfc7c,
        type: 3}
      propertyPath: m_LocalEulerAnglesHint.y
      value: 0
      objectReference: {fileID: 0}
    - target: {fileID: 2625717081278710009, guid: 8abdde931c053eb4090664baa3fdfc7c,
        type: 3}
      propertyPath: m_LocalEulerAnglesHint.z
      value: 0
      objectReference: {fileID: 0}
    - target: {fileID: 2625717081278710008, guid: 8abdde931c053eb4090664baa3fdfc7c,
        type: 3}
      propertyPath: dir
      value: 2
      objectReference: {fileID: 0}
    m_RemovedComponents: []
  m_SourcePrefab: {fileID: 100100000, guid: 8abdde931c053eb4090664baa3fdfc7c, type: 3}
--- !u!4 &3339345835240905411 stripped
Transform:
  m_CorrespondingSourceObject: {fileID: 2625717081278710009, guid: 8abdde931c053eb4090664baa3fdfc7c,
    type: 3}
  m_PrefabInstance: {fileID: 731789439201565242}
  m_PrefabAsset: {fileID: 0}
--- !u!1001 &3723318477641458191
PrefabInstance:
  m_ObjectHideFlags: 0
  serializedVersion: 2
  m_Modification:
    m_TransformParent: {fileID: 7446057138736632031}
    m_Modifications:
    - target: {fileID: 3345791331310210541, guid: ade07b99e5bffac48ad00d520f67c0fd,
        type: 3}
      propertyPath: m_Name
      value: KeySpawn
      objectReference: {fileID: 0}
    - target: {fileID: 5057191478908044712, guid: ade07b99e5bffac48ad00d520f67c0fd,
        type: 3}
      propertyPath: m_LocalPosition.x
      value: -0.38
      objectReference: {fileID: 0}
    - target: {fileID: 5057191478908044712, guid: ade07b99e5bffac48ad00d520f67c0fd,
        type: 3}
      propertyPath: m_LocalPosition.y
      value: 0.06
      objectReference: {fileID: 0}
    - target: {fileID: 5057191478908044712, guid: ade07b99e5bffac48ad00d520f67c0fd,
        type: 3}
      propertyPath: m_LocalPosition.z
      value: 0
      objectReference: {fileID: 0}
    - target: {fileID: 5057191478908044712, guid: ade07b99e5bffac48ad00d520f67c0fd,
        type: 3}
      propertyPath: m_LocalRotation.x
      value: 0
      objectReference: {fileID: 0}
    - target: {fileID: 5057191478908044712, guid: ade07b99e5bffac48ad00d520f67c0fd,
        type: 3}
      propertyPath: m_LocalRotation.y
      value: 0
      objectReference: {fileID: 0}
    - target: {fileID: 5057191478908044712, guid: ade07b99e5bffac48ad00d520f67c0fd,
        type: 3}
      propertyPath: m_LocalRotation.z
      value: 0
      objectReference: {fileID: 0}
    - target: {fileID: 5057191478908044712, guid: ade07b99e5bffac48ad00d520f67c0fd,
        type: 3}
      propertyPath: m_LocalRotation.w
      value: 1
      objectReference: {fileID: 0}
    - target: {fileID: 5057191478908044712, guid: ade07b99e5bffac48ad00d520f67c0fd,
        type: 3}
      propertyPath: m_RootOrder
      value: 1
      objectReference: {fileID: 0}
    - target: {fileID: 5057191478908044712, guid: ade07b99e5bffac48ad00d520f67c0fd,
        type: 3}
      propertyPath: m_LocalEulerAnglesHint.x
      value: 0
      objectReference: {fileID: 0}
    - target: {fileID: 5057191478908044712, guid: ade07b99e5bffac48ad00d520f67c0fd,
        type: 3}
      propertyPath: m_LocalEulerAnglesHint.y
      value: 0
      objectReference: {fileID: 0}
    - target: {fileID: 5057191478908044712, guid: ade07b99e5bffac48ad00d520f67c0fd,
        type: 3}
      propertyPath: m_LocalEulerAnglesHint.z
      value: 0
      objectReference: {fileID: 0}
    m_RemovedComponents: []
  m_SourcePrefab: {fileID: 100100000, guid: ade07b99e5bffac48ad00d520f67c0fd, type: 3}
--- !u!1001 &4013241633447285321
PrefabInstance:
  m_ObjectHideFlags: 0
  serializedVersion: 2
  m_Modification:
    m_TransformParent: {fileID: 981626542294603319}
    m_Modifications:
    - target: {fileID: 2625717081278709991, guid: 8abdde931c053eb4090664baa3fdfc7c,
        type: 3}
      propertyPath: m_Name
      value: WeakWallSpawnPoint
      objectReference: {fileID: 0}
    - target: {fileID: 2625717081278710009, guid: 8abdde931c053eb4090664baa3fdfc7c,
        type: 3}
      propertyPath: m_LocalPosition.x
      value: 2
      objectReference: {fileID: 0}
    - target: {fileID: 2625717081278710009, guid: 8abdde931c053eb4090664baa3fdfc7c,
        type: 3}
      propertyPath: m_LocalPosition.y
      value: 0.44
      objectReference: {fileID: 0}
    - target: {fileID: 2625717081278710009, guid: 8abdde931c053eb4090664baa3fdfc7c,
        type: 3}
      propertyPath: m_LocalPosition.z
      value: 0
      objectReference: {fileID: 0}
    - target: {fileID: 2625717081278710009, guid: 8abdde931c053eb4090664baa3fdfc7c,
        type: 3}
      propertyPath: m_LocalRotation.x
      value: 0
      objectReference: {fileID: 0}
    - target: {fileID: 2625717081278710009, guid: 8abdde931c053eb4090664baa3fdfc7c,
        type: 3}
      propertyPath: m_LocalRotation.y
      value: 0
      objectReference: {fileID: 0}
    - target: {fileID: 2625717081278710009, guid: 8abdde931c053eb4090664baa3fdfc7c,
        type: 3}
      propertyPath: m_LocalRotation.z
      value: 0
      objectReference: {fileID: 0}
    - target: {fileID: 2625717081278710009, guid: 8abdde931c053eb4090664baa3fdfc7c,
        type: 3}
      propertyPath: m_LocalRotation.w
      value: 1
      objectReference: {fileID: 0}
    - target: {fileID: 2625717081278710009, guid: 8abdde931c053eb4090664baa3fdfc7c,
        type: 3}
      propertyPath: m_RootOrder
      value: 0
      objectReference: {fileID: 0}
    - target: {fileID: 2625717081278710009, guid: 8abdde931c053eb4090664baa3fdfc7c,
        type: 3}
      propertyPath: m_LocalEulerAnglesHint.x
      value: 0
      objectReference: {fileID: 0}
    - target: {fileID: 2625717081278710009, guid: 8abdde931c053eb4090664baa3fdfc7c,
        type: 3}
      propertyPath: m_LocalEulerAnglesHint.y
      value: 0
      objectReference: {fileID: 0}
    - target: {fileID: 2625717081278710009, guid: 8abdde931c053eb4090664baa3fdfc7c,
        type: 3}
      propertyPath: m_LocalEulerAnglesHint.z
      value: 0
      objectReference: {fileID: 0}
    - target: {fileID: 2625717081278710008, guid: 8abdde931c053eb4090664baa3fdfc7c,
        type: 3}
      propertyPath: dir
      value: 2
      objectReference: {fileID: 0}
    m_RemovedComponents: []
  m_SourcePrefab: {fileID: 100100000, guid: 8abdde931c053eb4090664baa3fdfc7c, type: 3}
--- !u!4 &1423574841740759728 stripped
Transform:
  m_CorrespondingSourceObject: {fileID: 2625717081278710009, guid: 8abdde931c053eb4090664baa3fdfc7c,
    type: 3}
  m_PrefabInstance: {fileID: 4013241633447285321}
  m_PrefabAsset: {fileID: 0}
--- !u!1001 &5202275689697478617
PrefabInstance:
  m_ObjectHideFlags: 0
  serializedVersion: 2
  m_Modification:
    m_TransformParent: {fileID: 981626542294603319}
    m_Modifications:
    - target: {fileID: 1393001661345493280, guid: 390738c66bab1d64fa490e205f41a30f,
        type: 3}
      propertyPath: m_Name
      value: Room LR (2)
      objectReference: {fileID: 0}
    - target: {fileID: 1393001661345493281, guid: 390738c66bab1d64fa490e205f41a30f,
        type: 3}
      propertyPath: m_LocalPosition.x
      value: 0
      objectReference: {fileID: 0}
    - target: {fileID: 1393001661345493281, guid: 390738c66bab1d64fa490e205f41a30f,
        type: 3}
      propertyPath: m_LocalPosition.y
      value: 0
      objectReference: {fileID: 0}
    - target: {fileID: 1393001661345493281, guid: 390738c66bab1d64fa490e205f41a30f,
        type: 3}
      propertyPath: m_LocalPosition.z
      value: 0
      objectReference: {fileID: 0}
    - target: {fileID: 1393001661345493281, guid: 390738c66bab1d64fa490e205f41a30f,
        type: 3}
      propertyPath: m_LocalRotation.x
      value: 0
      objectReference: {fileID: 0}
    - target: {fileID: 1393001661345493281, guid: 390738c66bab1d64fa490e205f41a30f,
        type: 3}
      propertyPath: m_LocalRotation.y
      value: 0
      objectReference: {fileID: 0}
    - target: {fileID: 1393001661345493281, guid: 390738c66bab1d64fa490e205f41a30f,
        type: 3}
      propertyPath: m_LocalRotation.z
      value: 0
      objectReference: {fileID: 0}
    - target: {fileID: 1393001661345493281, guid: 390738c66bab1d64fa490e205f41a30f,
        type: 3}
      propertyPath: m_LocalRotation.w
      value: 1
      objectReference: {fileID: 0}
    - target: {fileID: 1393001661345493281, guid: 390738c66bab1d64fa490e205f41a30f,
        type: 3}
      propertyPath: m_RootOrder
      value: 2
      objectReference: {fileID: 0}
    - target: {fileID: 1393001661345493281, guid: 390738c66bab1d64fa490e205f41a30f,
        type: 3}
      propertyPath: m_LocalEulerAnglesHint.x
      value: 0
      objectReference: {fileID: 0}
    - target: {fileID: 1393001661345493281, guid: 390738c66bab1d64fa490e205f41a30f,
        type: 3}
      propertyPath: m_LocalEulerAnglesHint.y
      value: 0
      objectReference: {fileID: 0}
    - target: {fileID: 1393001661345493281, guid: 390738c66bab1d64fa490e205f41a30f,
        type: 3}
      propertyPath: m_LocalEulerAnglesHint.z
      value: 0
      objectReference: {fileID: 0}
    - target: {fileID: 3896265794236250049, guid: 390738c66bab1d64fa490e205f41a30f,
        type: 3}
      propertyPath: alwaysRegular
      value: 0
      objectReference: {fileID: 0}
    - target: {fileID: 3896265794236250049, guid: 390738c66bab1d64fa490e205f41a30f,
        type: 3}
      propertyPath: securityAddon
      value: 
      objectReference: {fileID: 1666116358690425698}
    - target: {fileID: 5717294487422263166, guid: 390738c66bab1d64fa490e205f41a30f,
        type: 3}
      propertyPath: reachable
      value: 0
      objectReference: {fileID: 0}
    - target: {fileID: 5717294487422263166, guid: 390738c66bab1d64fa490e205f41a30f,
        type: 3}
      propertyPath: securityAddon
      value: 
      objectReference: {fileID: 2757080198664515353}
    m_RemovedComponents: []
  m_SourcePrefab: {fileID: 100100000, guid: 390738c66bab1d64fa490e205f41a30f, type: 3}
--- !u!1 &6586195098979497721 stripped
GameObject:
  m_CorrespondingSourceObject: {fileID: 1393001661345493280, guid: 390738c66bab1d64fa490e205f41a30f,
    type: 3}
  m_PrefabInstance: {fileID: 5202275689697478617}
  m_PrefabAsset: {fileID: 0}
--- !u!4 &6586195098979497720 stripped
Transform:
  m_CorrespondingSourceObject: {fileID: 1393001661345493281, guid: 390738c66bab1d64fa490e205f41a30f,
    type: 3}
  m_PrefabInstance: {fileID: 5202275689697478617}
  m_PrefabAsset: {fileID: 0}
--- !u!1 &2757080198664515353 stripped
GameObject:
  m_CorrespondingSourceObject: {fileID: 7958194758985771200, guid: 390738c66bab1d64fa490e205f41a30f,
    type: 3}
  m_PrefabInstance: {fileID: 5202275689697478617}
  m_PrefabAsset: {fileID: 0}
--- !u!1 &1666116358690425698 stripped
GameObject:
  m_CorrespondingSourceObject: {fileID: 6858153396107758779, guid: 390738c66bab1d64fa490e205f41a30f,
    type: 3}
  m_PrefabInstance: {fileID: 5202275689697478617}
  m_PrefabAsset: {fileID: 0}
--- !u!1001 &7888497670087018361
PrefabInstance:
  m_ObjectHideFlags: 0
  serializedVersion: 2
  m_Modification:
    m_TransformParent: {fileID: 981626542294603319}
    m_Modifications:
    - target: {fileID: 1393001661345493280, guid: 13bac231a2032f74eb8469e3ea7be2ba,
        type: 3}
      propertyPath: m_Name
      value: Room L (1)
      objectReference: {fileID: 0}
    - target: {fileID: 1393001661345493281, guid: 13bac231a2032f74eb8469e3ea7be2ba,
        type: 3}
      propertyPath: m_LocalPosition.x
      value: 8
      objectReference: {fileID: 0}
    - target: {fileID: 1393001661345493281, guid: 13bac231a2032f74eb8469e3ea7be2ba,
        type: 3}
      propertyPath: m_LocalPosition.y
      value: 0
      objectReference: {fileID: 0}
    - target: {fileID: 1393001661345493281, guid: 13bac231a2032f74eb8469e3ea7be2ba,
        type: 3}
      propertyPath: m_LocalPosition.z
      value: 0
      objectReference: {fileID: 0}
    - target: {fileID: 1393001661345493281, guid: 13bac231a2032f74eb8469e3ea7be2ba,
        type: 3}
      propertyPath: m_LocalRotation.x
      value: 0
      objectReference: {fileID: 0}
    - target: {fileID: 1393001661345493281, guid: 13bac231a2032f74eb8469e3ea7be2ba,
        type: 3}
      propertyPath: m_LocalRotation.y
      value: 0
      objectReference: {fileID: 0}
    - target: {fileID: 1393001661345493281, guid: 13bac231a2032f74eb8469e3ea7be2ba,
        type: 3}
      propertyPath: m_LocalRotation.z
      value: 0
      objectReference: {fileID: 0}
    - target: {fileID: 1393001661345493281, guid: 13bac231a2032f74eb8469e3ea7be2ba,
        type: 3}
      propertyPath: m_LocalRotation.w
      value: 1
      objectReference: {fileID: 0}
    - target: {fileID: 1393001661345493281, guid: 13bac231a2032f74eb8469e3ea7be2ba,
        type: 3}
      propertyPath: m_RootOrder
      value: 4
      objectReference: {fileID: 0}
    - target: {fileID: 1393001661345493281, guid: 13bac231a2032f74eb8469e3ea7be2ba,
        type: 3}
      propertyPath: m_LocalEulerAnglesHint.x
      value: 0
      objectReference: {fileID: 0}
    - target: {fileID: 1393001661345493281, guid: 13bac231a2032f74eb8469e3ea7be2ba,
        type: 3}
      propertyPath: m_LocalEulerAnglesHint.y
      value: 0
      objectReference: {fileID: 0}
    - target: {fileID: 1393001661345493281, guid: 13bac231a2032f74eb8469e3ea7be2ba,
        type: 3}
      propertyPath: m_LocalEulerAnglesHint.z
      value: 0
      objectReference: {fileID: 0}
    - target: {fileID: 5717294487422263166, guid: 13bac231a2032f74eb8469e3ea7be2ba,
        type: 3}
      propertyPath: reachable
      value: 0
      objectReference: {fileID: 0}
    - target: {fileID: 5717294487422263166, guid: 13bac231a2032f74eb8469e3ea7be2ba,
        type: 3}
      propertyPath: securityAddon
      value: 
      objectReference: {fileID: 218632586987073465}
    m_RemovedComponents: []
  m_SourcePrefab: {fileID: 100100000, guid: 13bac231a2032f74eb8469e3ea7be2ba, type: 3}
--- !u!4 &9092061162334221912 stripped
Transform:
  m_CorrespondingSourceObject: {fileID: 1393001661345493281, guid: 13bac231a2032f74eb8469e3ea7be2ba,
    type: 3}
  m_PrefabInstance: {fileID: 7888497670087018361}
  m_PrefabAsset: {fileID: 0}
--- !u!1 &218632586987073465 stripped
GameObject:
  m_CorrespondingSourceObject: {fileID: 7958194758985771200, guid: 13bac231a2032f74eb8469e3ea7be2ba,
    type: 3}
  m_PrefabInstance: {fileID: 7888497670087018361}
  m_PrefabAsset: {fileID: 0}
--- !u!1001 &8359061499002380798
PrefabInstance:
  m_ObjectHideFlags: 0
  serializedVersion: 2
  m_Modification:
    m_TransformParent: {fileID: 981626542294603319}
    m_Modifications:
    - target: {fileID: 1393001661345493280, guid: 390738c66bab1d64fa490e205f41a30f,
        type: 3}
      propertyPath: m_Name
      value: Room LR (3)
      objectReference: {fileID: 0}
    - target: {fileID: 1393001661345493281, guid: 390738c66bab1d64fa490e205f41a30f,
        type: 3}
      propertyPath: m_LocalPosition.x
      value: 4
      objectReference: {fileID: 0}
    - target: {fileID: 1393001661345493281, guid: 390738c66bab1d64fa490e205f41a30f,
        type: 3}
      propertyPath: m_LocalPosition.y
      value: 0
      objectReference: {fileID: 0}
    - target: {fileID: 1393001661345493281, guid: 390738c66bab1d64fa490e205f41a30f,
        type: 3}
      propertyPath: m_LocalPosition.z
      value: 0
      objectReference: {fileID: 0}
    - target: {fileID: 1393001661345493281, guid: 390738c66bab1d64fa490e205f41a30f,
        type: 3}
      propertyPath: m_LocalRotation.x
      value: 0
      objectReference: {fileID: 0}
    - target: {fileID: 1393001661345493281, guid: 390738c66bab1d64fa490e205f41a30f,
        type: 3}
      propertyPath: m_LocalRotation.y
      value: 0
      objectReference: {fileID: 0}
    - target: {fileID: 1393001661345493281, guid: 390738c66bab1d64fa490e205f41a30f,
        type: 3}
      propertyPath: m_LocalRotation.z
      value: 0
      objectReference: {fileID: 0}
    - target: {fileID: 1393001661345493281, guid: 390738c66bab1d64fa490e205f41a30f,
        type: 3}
      propertyPath: m_LocalRotation.w
      value: 1
      objectReference: {fileID: 0}
    - target: {fileID: 1393001661345493281, guid: 390738c66bab1d64fa490e205f41a30f,
        type: 3}
      propertyPath: m_RootOrder
      value: 3
      objectReference: {fileID: 0}
    - target: {fileID: 1393001661345493281, guid: 390738c66bab1d64fa490e205f41a30f,
        type: 3}
      propertyPath: m_LocalEulerAnglesHint.x
      value: 0
      objectReference: {fileID: 0}
    - target: {fileID: 1393001661345493281, guid: 390738c66bab1d64fa490e205f41a30f,
        type: 3}
      propertyPath: m_LocalEulerAnglesHint.y
      value: 0
      objectReference: {fileID: 0}
    - target: {fileID: 1393001661345493281, guid: 390738c66bab1d64fa490e205f41a30f,
        type: 3}
      propertyPath: m_LocalEulerAnglesHint.z
      value: 0
      objectReference: {fileID: 0}
    - target: {fileID: 3896265794236250049, guid: 390738c66bab1d64fa490e205f41a30f,
        type: 3}
      propertyPath: reachable
      value: 0
      objectReference: {fileID: 0}
    - target: {fileID: 3896265794236250049, guid: 390738c66bab1d64fa490e205f41a30f,
        type: 3}
      propertyPath: alwaysRegular
      value: 0
      objectReference: {fileID: 0}
    - target: {fileID: 3896265794236250049, guid: 390738c66bab1d64fa490e205f41a30f,
        type: 3}
      propertyPath: securityAddon
      value: 
      objectReference: {fileID: 3110953837444869445}
    - target: {fileID: 5717294487422263166, guid: 390738c66bab1d64fa490e205f41a30f,
        type: 3}
      propertyPath: reachable
      value: 0
      objectReference: {fileID: 0}
    - target: {fileID: 5717294487422263166, guid: 390738c66bab1d64fa490e205f41a30f,
        type: 3}
      propertyPath: securityAddon
      value: 
      objectReference: {fileID: 1905152235115284798}
    m_RemovedComponents: []
  m_SourcePrefab: {fileID: 100100000, guid: 390738c66bab1d64fa490e205f41a30f, type: 3}
--- !u!4 &7446057138736632031 stripped
Transform:
  m_CorrespondingSourceObject: {fileID: 1393001661345493281, guid: 390738c66bab1d64fa490e205f41a30f,
    type: 3}
  m_PrefabInstance: {fileID: 8359061499002380798}
  m_PrefabAsset: {fileID: 0}
--- !u!1 &1905152235115284798 stripped
GameObject:
  m_CorrespondingSourceObject: {fileID: 7958194758985771200, guid: 390738c66bab1d64fa490e205f41a30f,
    type: 3}
  m_PrefabInstance: {fileID: 8359061499002380798}
  m_PrefabAsset: {fileID: 0}
--- !u!1 &3110953837444869445 stripped
GameObject:
  m_CorrespondingSourceObject: {fileID: 6858153396107758779, guid: 390738c66bab1d64fa490e205f41a30f,
    type: 3}
  m_PrefabInstance: {fileID: 8359061499002380798}
  m_PrefabAsset: {fileID: 0}
